 Dungeon Crawl Stone Soup version 0.29.1-13-g9f3cf754e1 (webtiles) character file.

Game seed: 7018960554282508233

424 shadowmeld the Insei (level 7, -3/73 HPs)
             Began as a Djinni Transmuter on Jan 31, 2023.
             Slain by an orc warrior
             ... wielding a +0 hand axe
              (6 damage)
             ... on level 4 of the Dungeon.
             The game lasted 00:16:52 (4655 turns).

shadowmeld the Insei (Djinni Transmuter)            Turns: 4655, Time: 00:16:53

Health: -3/73      AC: 23    Str:  9    XL:     7   Next: 17%
Gold:   311        EV:  2    Int: 30    God:
                   SH:  0    Dex: 13

rFire   . . .      SeeInvis .   r - +5 mace of Amortisation {flame, Int+7}
rCold   . . .      Faith    .   (no shield)
rNeg    . . .      Spirit   .   (body armour currently unavailable)
rPois   ∞          Reflect  .   (helmet currently unavailable)
rElec   .          Harm     .   (cloak currently unavailable)
rCorr   .          Rampage  .   (gloves currently unavailable)
Will    .....      NoTele   +   (boots unavailable)
Stlth   +.........              (no amulet)
HPRegen 0.22/turn               d - +6 ring of intelligence
MPRegen 0.00/turn               (no ring)

@: tree-form
A: stationary, stasis, torment immunity, boosted hp, sickness immunity, (fire
resistance 2), (cold vulnerability 1), float, innate caster, HP casting, extra
vitality 1
a: no special abilities


You were on level 4 of the Dungeon.
You were a tree.
You visited 1 branch of the dungeon, and saw 4 of its levels.

You collected 311 gold pieces.

Inventory:

Hand Weapons
 r - the +5 mace of Amortisation (weapon) {flame, Int+7}
   (You found it on level 3 of the Dungeon)

   It burns those it strikes, dealing additional fire damage.
   Int:       It affects your intelligence (+7).
Armour
 a - a +0 robe (melded)
 h - a +0 buckler
 k - the +1 Delatra's gloves (melded) {ID++}
   (You found it on level 3 of the Dungeon)

   It heals its wearer when they drink unknown potions.
   It restores its wearer's MP when they read unknown scrolls.
Jewellery
 d - a +6 ring of intelligence (left branch)
 i - a ring of poison resistance
Wands
 w - a wand of light (8)
Scrolls
 c - 5 scrolls of identify {unknown}
 f - a scroll of magic mapping {unknown}
 j - a scroll of fog {unknown}
 l - a scroll of silence {unknown}
 m - 3 scrolls of fear {unknown}
 p - a scroll of blinking {unknown}
 u - a scroll of poison {unknown}
 x - a scroll of immolation {unknown}
Potions
 e - 3 potions of curing {unknown}
 g - a potion of might {unknown}
 n - 2 potions of heal wounds {unknown}
 o - a potion of magic {unknown}
 q - a potion of haste {unknown}
 s - a potion of resistance {unknown}
 t - a potion of cancellation {unknown}
 v - a potion of ambrosia {unknown}


   Skills:
 * Level 2.6 Fighting
 * Level 3.7 Dodging
 + Level 4.7 Unarmed Combat
 * Level 3.6 Spellcasting


You couldn't memorise any spells.
You knew the following spells:

 Your Spells              Type           Power      Damage    Failure   Level
a - Beastly Appendage     Tmut           54%        N/A       1%          1
b - Wereblood             Tmut           27%        N/A       2%          2
c - Spider Form           Tmut/Pois      27%        N/A       4%          3
d - Ice Form              Ice/Tmut       27%        N/A       16%         4
e - Summon Small Mammal   Summ           100%       N/A       1%          1
f - Call Imp              Summ           27%        N/A       2%          2
g - Scorch                Fire           54%        2d8       2%          2
Your spell library was empty.

Dungeon Overview and Level Annotations

Branches:
Dungeon (4/15)
 Temple: D:4-7

Altars:


Innate Abilities, Weirdness & Mutations

You are a tree.
Your roots penetrate the ground, keeping you stationary.
You cannot be teleported.
You are immune to unholy pain and torment.
Your maximum health is greatly increased.
Your equipment is partially melded.
You are immune to sickness and miasma.
You are immune to poison.
((Your flesh is very heat resistant. (rF++)))
((You are vulnerable to cold. (rC-)))
You float through the air rather than walking.
You learn spells naturally, not from books.
Your magical power is your life essence.
You have superior vitality. (+4 MHP)


Message History

The orc warrior is moderately wounded.
The orc warrior hits you with a +0 hand axe!
The orc warrior completely misses you.
Casting: Scorch (safe; 12% risk of failure)
Confirm with . or Enter, or press ? or * to list all spells.
Flames lash the orc warrior.
The orc warrior is moderately wounded.
You hear a shout!
The orc warrior hits you with a +0 hand axe.
Casting: Scorch (safe; 12% risk of failure)
Confirm with . or Enter, or press ? or * to list all spells.
Flames lash the orc warrior but do no damage.
An orc comes into view. It is wielding a +0 dagger.
The orc warrior barely misses you.
You closely miss the orc warrior.
The orc warrior is moderately wounded.
The orc warrior barely misses you.
You hit the orc warrior but do no damage.
The orc warrior is moderately wounded.
Your transformation is almost over.
You closely miss the orc warrior.
The orc warrior is moderately wounded.
The orc warrior hits you with a +0 hand axe!
* * * LOW HITPOINT WARNING * * *
Really quaff the potion of lignification?
Your transformation has ended.
The +5 mace of Amortisation {flame, Int+7} unmelds from your body.
The +1 Delatra's gloves {ID++} unmelds from your body.
Your +0 robe unmelds from your body.
The +5 mace of Amortisation {flame, Int+7} bursts into flame!
You turn into a tree.
The +1 Delatra's gloves {ID++} melds into your body.
Your +0 robe melds into your body.
Your roots penetrate the ground.
The orc warrior hits you with a +0 hand axe.
* * * LOW HITPOINT WARNING * * *
You hit the orc warrior. You burn the orc warrior.
The orc warrior is moderately wounded.
The orc warrior hits you but does no damage.
The orc warrior hits you with a +0 hand axe.
You die...

##############
#...).♣...>..#
#.##..o.......
#.##.##o####..
#.##.# .#
#.##.# .#
#.##.# .#
#.##.# ..
######.##.#..#
#....>........


You could see an orc warrior (combustible) and an orc.

Vanquished Creatures
  An ogre (D:4)
  A scorpion (D:4)
  2 hounds (D:4)
  2 iguanas (D:4)
  An orc wizard (D:3)
  4 adders
  2 gnolls (D:3)
  An ufetubus (D:4)
  9 orcs
  6 ball pythons
  10 endoplasms
  4 giant cockroaches
  6 goblins
  5 hobgoblins
  6 kobolds
  4 quokkas
  4 bats
  2 frilled lizards
  2 rats (D:1)
72 creatures vanquished.

Vanquished Creatures (collateral kills)
  A gnoll (D:3)
  A ball python (D:3)
  A hobgoblin (D:3)
  A frilled lizard (D:2)
4 creatures vanquished.

Grand Total: 76 creatures vanquished

Notes
Turn   | Place    | Note
-------+----------+-------------------------------------------
     0 | D:1      | shadowmeld the Djinni Transmuter began the quest for the
                  | Orb.
     0 | D:1      | shadowmeld set off with the following spells memorised:
                  | Beastly Appendage, Wereblood, Spider Form, Ice Form.
     0 | D:1      | Reached XP level 1. HP: 17/17 MP: 0/0
   434 | D:1      | Reached XP level 2. HP: 21/22 MP: 0/0
  1167 | D:1      | Reached XP level 3. HP: 26/27 MP: 0/0
  1167 | D:1      | Learned a level 1 spell: Summon Small Mammal
  1178 | D:1      | Found a faded altar of an unknown god.
  2543 | D:3      | Found the +1 Delatra's gloves {ID++}
  2552 | D:3      | Reached XP level 4. HP: 26/32 MP: 0/0
  3492 | D:3      | Reached XP level 5. HP: 12/38 MP: 0/0
  3492 | D:3      | Learned a level 2 spell: Call Imp
  3859 | D:3      | Identified the +5 mace of Amortisation {flame, Int+7}
  4024 | D:4      | Reached skill level 4 in Unarmed Combat
  4024 | D:4      | Reached XP level 6. HP: 35/43 MP: 0/0
  4628 | D:4      | Noticed an ogre
  4640 | D:4      | Killed an ogre
  4641 | D:4      | Reached XP level 7. HP: 45/49 MP: 0/0
  4641 | D:4      | Learned a level 2 spell: Scorch
  4654 | D:4      | HP: 3/73 [orc warrior/+0 hand axe (4)]
  4655 | D:4      | Slain by an orc warrior

Illustrated notes

Levels and vault maps discovered:
D:1:      nzn_arrival_settlement, layout_loops_ring,
          shapermc_ecumenical_altar_mp_vishouse, chequers_serial_rivers_small_3
D:2:      layout_basic, hex_large
D:3:      layout_rooms, minmay_misc_feat_ornament, dreamdust_wishing_well
D:4:      layout_loops_ring, minmay_fractal_squares_5

Skill      XL: |  1  2  3  4  5 |
---------------+----------------+-----
Spellcasting   | 2 3 |  3.6
Dodging        | 3 |  3.7
Fighting       | 2 |  2.6
Unarmed Combat | 4 |  4.7

Action                   |  1- 3 |  4- 6 |  7- 9 || total
-------------------------+-------+-------+-------++-------
Melee: Unarmed           |    99 |   143 |     3 ||   245
       Headbutt          |    22 |     9 |       ||    31
       Punch             |     2 |     2 |       ||     4
       Mace              |       |       |     1 ||     1
 Cast: Beastly Appendage |    27 |    12 |       ||    39
       Summon Small Mamm |     8 |     4 |       ||    12
       Spider Form       |       |     9 |       ||     9
       Call Imp          |       |     2 |       ||     2
       Scorch            |       |       |     6 ||     6
  Use: Potion            |       |       |     1 ||     1
 Stab: Sleeping          |     1 |       |       ||     1
Armor: Robe              |    13 |    23 |       ||    36
       Skin              |       |     2 |     1 ||     3
Dodge: Dodged            |    47 |    89 |     4 ||   140
